[Event "Vienna Chess Open 2019"]
[Site "Vienna"]
[Date "2019.08.18"]
[Round "2.4"]
[White "Brod, Manfred"]
[Black "Mesaros, Florian"]
[Result "0-1"]
[ECO "B92"]
[WhiteElo "2214"]
[BlackElo "2420"]
[Annotator "ChessBase"]
[PlyCount "98"]
[EventDate "2019.08.17"]
[EventType "swiss"]
[EventCountry "AUT"]
[SourceTitle "playchess.com"]
[Source "ChessBase"]
[SourceQuality "1"]
[TimeControl "40/5400+30:1800+30"]

1. e4 c5 2. Nf3 d6 3. d4 cxd4 4. Nxd4 Nf6 5. Nc3 a6 6. Be2 e5 7. Nb3 Be7 8. Be3 Be6 9. Nd5 Nbd7 10. Qd3 Bxd5 11. exd5 O-O 12. g4 Rc8 13. O-O-O Qc7 14. c3 Nb6 15. Bf3 Rfe8 16. g5 e4 17. Bxe4 Nxe4 18. Qxe4 Bxg5 19. Qd3 Bxe3+ 20. fxe3 Re5 21. e4 Rce8 22. Nd2 Nd7 23. Nf3 R5e7 24. Qc2 b5 25. Rhg1 g6 26. Rd4 Ne5 27. Nxe5 Rxe5 28. Rf1 Qe7 29. Qf2 Qg5+ 30. Kb1 f5 31. h4 Qh5 32. exf5 Rxf5 33. Rf4 Ref8 34. Rxf5 Rxf5 35. Qe1 Rxf1 36. Qxf1 Qxh4 37. Qe2 Qh1+ 38. Kc2 Qxd5 39. Qe8+ Kg7 40. Qe7+ Qf7 41. Qxd6 h5 42. Qxa6 h4 43. a4 Qf5+ 44. Kd2 h3 45. Qb7+ Kh6 46. Qb8 Qf2+ 47. Kd3 h2 48. Qh8+ Kg5 49. Qd8+ Kg4 {[%emt 0:00:18] Kd4} 0-1

[Event "Vienna Chess Open 2019"]
[Site "Vienna"]
[Date "2019.08.18"]
[Round "2.5"]
[White "Abdumalik, Zhansaya"]
[Black "Binder, Moriz"]
[Result "1-0"]
[ECO "A06"]
[WhiteElo "2457"]
[BlackElo "2224"]
[Annotator "ChessBase"]
[PlyCount "69"]
[EventDate "2019.08.17"]
[EventType "swiss"]
[EventCountry "AUT"]
[SourceTitle "playchess.com"]
[Source "ChessBase"]
[SourceQuality "1"]
[TimeControl "40/5400+30:1800+30"]

1. Nf3 d5 2. g3 Nf6 3. Bg2 e6 4. O-O Be7 5. c4 O-O 6. d3 c5 7. b3 b6 8. Bb2 Bb7 9. cxd5 Bxd5 10. Nbd2 Nbd7 11. Re1 Rc8 12. e4 Bb7 13. Qe2 Qc7 14. Rac1 Qb8 15. Nc4 Rfd8 16. h4 b5 17. Ne3 Nb6 18. Ne5 Nfd7 19. N5g4 h5 20. Nh2 Bf6 21. Bxf6 Nxf6 22. e5 Ne8 23. Qxh5 Bxg2 24. Nxg2 Rxd3 25. Nf4 Rdd8 26. Nf3 g6 27. Nxg6 fxg6 28. Qxg6+ Kh8 29. Qh6+ Kg8 30. Qxe6+ Kh8 31. Qh6+ Kg8 32. Re4 Rd7 33. Rf4 Rg7 34. Qe6+ Kh8 35. Rf8+ 1-0

[Event "Vienna Chess Open 2019"]
[Site "Vienna"]
[Date "2019.08.18"]
[Round "2.5"]
[White "Ravi, Teja S."]
[Black "Tomaszewski, Roman"]
[Result "1-0"]
[ECO "D27"]
[WhiteElo "2420"]
[BlackElo "2205"]
[Annotator "NA"]
[PlyCount "53"]
[EventDate "2019.08.17"]
[EventType "swiss"]
[EventCountry "AUT"]
[SourceTitle "playchess.com"]
[Source "ChessBase"]
[SourceQuality "1"]
[TimeControl "40/5400+30:1800+30"]

1. d4 Nf6 2. Nf3 d5 3. c4 dxc4 4. e3 e6 5. Bxc4 c5 6. O-O a6 7. b3 Nc6 8. Bb2 Bd6 9. dxc5 Bxc5 10. Qc2 Qe7 11. Nbd2 Nb4 12. Qb1 b5 13. Be2 Bb7 14. Rc1 O-O 15. Ng5 Nbd5 16. Bf3 Rfc8 17. e4 Bxf2+ 18. Kxf2 Ng4+ 19. Bxg4 Qxg5 20. exd5 Qxd2+ 21. Be2 Bxd5 22. Be5 f6 23. Qb2 Qg5 24. Bg3 h5 25. h4 Qf5+ 26. Kg1 Qe4 27. Bxh5 1-0

[Event "Vienna Chess Open 2019"]
[Site "Vienna"]
[Date "2019.08.18"]
[Round "2.5"]
[White "Curien, Nicolas"]
[Black "Nasuta, Grzegorz"]
[Result "0-1"]
[ECO "D00"]
[WhiteElo "2259"]
[BlackElo "2533"]
[Annotator "ChessBase"]
[PlyCount "82"]
[EventDate "2019.08.17"]
[EventType "swiss"]
[EventCountry "AUT"]
[SourceTitle "playchess.com"]
[Source "ChessBase"]
[SourceQuality "1"]
[TimeControl "40/5400+30:1800+30"]

1. d4 d5 2. Nc3 Nf6 3. Bf4 c5 4. e3 cxd4 5. exd4 a6 6. Nf3 Nc6 7. Ne5 e6 8. Nxc6 bxc6 9. Na4 Nd7 10. Be2 c5 11. O-O Qf6 12. Be3 cxd4 13. Bxd4 e5 14. Bc3 d4 15. f4 dxc3 16. fxe5 Qc6 17. Bf3 Qxa4 18. b3 Bc5+ 19. Kh1 Qd4 20. Bxa8 O-O 21. e6 fxe6 22. Rxf8+ Nxf8 23. Qf3 Bd7 24. Bc6 Bxc6 25. Qxc6 Bd6 26. Qf3 Qe5 27. g3 Nd7 28. Qa8+ Kf7 29. Rf1+ Nf6 30. Qb7+ Kg6 31. Qf3 Qd5 32. Kg2 Be5 33. Rd1 Qxf3+ 34. Kxf3 Kf5 35. Rd8 Nd5 36. a3 Bd4 37. Ke2 Ke4 38. Rd6 e5 39. Rxa6 Ne3 40. b4 Nxc2 41. b5 Be3 0-1

[Event "Vienna Chess Open 2019"]
[Site "Vienna"]
[Date "2019.08.18"]
[Round "2.6"]
[White "Shengelia, David"]
[Black "Pisu, Robert-Daniel"]
[Result "1-0"]
[ECO "A05"]
[WhiteElo "2523"]
[BlackElo "2252"]
[Annotator "ChessBase"]
[PlyCount "66"]
[EventDate "2019.08.17"]
[EventType "swiss"]
[EventCountry "AUT"]
[SourceTitle "playchess.com"]
[Source "ChessBase"]
[SourceQuality "1"]
[TimeControl "40/5400+30:1800+30"]

1. Nf3 Nf6 2. b3 d5 3. Bb2 Bf5 4. g3 h6 5. Bg2 e6 6. d3 Be7 7. Nbd2 c5 8. e4 dxe4 9. dxe4 Bh7 10. Qe2 O-O 11. O-O Nc6 12. e5 Nd7 13. c4 Qc7 14. a3 Rfd8 15. Qe3 a6 16. h4 Bf5 17. Rfe1 Rab8 18. Bf1 b6 19. Qf4 Nf8 20. h5 Nd4 21. Bxd4 cxd4 22. Ne4 Nd7 23. b4 a5 24. Nxd4 Bh7 25. Nd6 Nxe5 26. N4b5 Qd7 27. Rad1 f6 28. Bh3 Bxd6 29. Rxd6 Qe7 30. Bxe6+ Kh8 31. Red1 Nd3 32. Qd4 Rxd6 33. Qxd6 Qxd6 1-0

[Event "Vienna Chess Open 2019"]
[Site "Vienna"]
[Date "2019.08.18"]
[Round "2.6"]
[White "Handler, Lukas"]
[Black "Bartos, Jan"]
[Result "1-0"]
[ECO "D37"]
[WhiteElo "2411"]
[BlackElo "2203"]
[Annotator "NA"]
[PlyCount "63"]
[EventDate "2019.08.17"]
[EventType "swiss"]
[EventCountry "AUT"]
[SourceTitle "playchess.com"]
[Source "ChessBase"]
[SourceQuality "1"]
[TimeControl "40/5400+30:1800+30"]

1. d4 Nf6 2. c4 e6 3. Nf3 d5 4. Nc3 dxc4 5. e4 Bb4 6. Bg5 h6 7. Bxf6 Qxf6 8. Bxc4 O-O 9. O-O c5 10. e5 Qd8 11. Ne4 cxd4 12. Qe2 Be7 13. Rfd1 Qa5 14. a3 Rd8 15. Ng3 Bd7 16. b4 Qb6 17. Bd3 Be8 18. Qe4 g6 19. h4 Nd7 20. Qf4 Kg7 21. Nh2 f5 22. exf6+ Nxf6 23. Ng4 Nxg4 24. Qxg4 Rd5 25. Re1 h5 26. Nxh5+ Rxh5 27. Rxe6 Qxe6 28. Qxe6 Bxh4 29. Rc1 Rg5 30. Rc7+ Kh6 31. Qe4 Rh5 32. Qf4+ 1-0

[Event "Vienna Chess Open 2019"]
[Site "Vienna"]
[Date "2019.08.18"]
[Round "2.6"]
[White "Caglar, Sila"]
[Black "Ankit, R. Rajpara"]
[Result "0-1"]
[ECO "C50"]
[WhiteElo "2240"]
[BlackElo "2454"]
[Annotator "ChessBase"]
[PlyCount "58"]
[EventDate "2019.08.17"]
[EventType "swiss"]
[EventCountry "AUT"]
[SourceTitle "playchess.com"]
[Source "ChessBase"]
[SourceQuality "1"]
[TimeControl "40/5400+30:1800+30"]

1. e4 e5 2. Nf3 Nc6 3. Bc4 Bc5 4. d3 Nf6 5. Bg5 h6 6. Bh4 Be7 7. c3 d6 8. a4 Nh5 9. Bxe7 Qxe7 10. g3 Nf6 11. Nbd2 Be6 12. Qe2 O-O 13. Nh4 d5 14. Bb3 Rad8 15. O-O dxe4 16. Bxe6 exd3 17. Bxf7+ Qxf7 18. Qe3 g5 19. Ng2 Ng4 20. Qe1 e4 21. Nxe4 Qf3 22. Nd2 Qe2 23. f3 Nce5 24. fxg4 Rxf1+ 25. Qxf1 Qxd2 26. Rd1 Qxb2 27. Qf6 Qb6+ 28. Qxb6 axb6 29. Ne3 Ra8 0-1

[Event "Vienna Chess Open 2019"]
[Site "Vienna"]
[Date "2019.08.18"]
[Round "2.7"]
[White "Buckels, Valentin"]
[Black "Arndt, Stefan"]
[Result "1-0"]
[ECO "A04"]
[WhiteElo "2453"]
[BlackElo "2222"]
[Annotator "ChessBase"]
[PlyCount "89"]
[EventDate "2019.08.17"]
[EventType "swiss"]
[EventCountry "AUT"]
[SourceTitle "playchess.com"]
[Source "ChessBase"]
[SourceQuality "1"]
[TimeControl "40/5400+30:1800+30"]

1. Nf3 f5 2. g3 Nf6 3. Bg2 d6 4. d3 e5 5. O-O Be7 6. e4 fxe4 7. dxe4 Bg4 8. h3 Bh5 9. Qd3 Qd7 10. Nh4 Nc6 11. Nf5 Rg8 12. a3 O-O-O 13. c4 Rdf8 14. b4 Bf7 15. Be3 Kb8 16. Nc3 Be6 17. Nxe7 Nxe7 18. Kh2 g5 19. Rfd1 h5 20. c5 Nc8 21. b5 Qh7 22. b6 cxb6 23. cxb6 a6 24. f3 g4 25. fxg4 h4 26. g5 hxg3+ 27. Kxg3 Nh5+ 28. Kh2 Nf4 29. Bxf4 exf4 30. e5 Qxd3 31. Rxd3 Rxg5 32. exd6 Rfg8 33. Be4 Bd7 34. Rf1 f3 35. Rdxf3 Nxd6 36. Rf8+ Bc8 37. Bd5 R8g6 38. R8f6 Rxf6 39. Rxf6 Nf5 40. Ne4 Rg7 41. Rf8 Re7 42. Nc5 Nd6 43. Rd8 Nf7 44. Bxf7 Rxf7 45. h4 1-0

[Event "Vienna Chess Open 2019"]
[Site "Vienna"]
[Date "2019.08.18"]
[Round "2.7"]
[White "Randazzo, Adrian"]
[Black "Gumularz, Szymon"]
[Result "1/2-1/2"]
[ECO "A05"]
[WhiteElo "2254"]
[BlackElo "2501"]
[Annotator "ChessBase"]
[PlyCount "100"]
[EventDate "2019.08.17"]
[EventType "swiss"]
[EventCountry "AUT"]
[SourceTitle "playchess.com"]
[Source "ChessBase"]
[SourceQuality "1"]
[TimeControl "40/5400+30:1800+30"]

1. Nf3 Nf6 2. c4 e6 3. e3 b6 4. b3 Bb7 5. Bb2 g6 6. Be2 Bg7 7. O-O O-O 8. d3 d6 9. Nbd2 Nbd7 10. Qc2 Qe7 11. d4 c5 12. Rfe1 Rac8 13. Rac1 Nh5 14. dxc5 bxc5 15. Bxg7 Nxg7 16. Rcd1 f5 17. e4 e5 18. Bf1 Ne6 19. Bd3 Qf6 20. Nb1 Nb8 21. Nc3 Nc6 22. Nd5 Qf7 23. Qb2 Qg7 24. Bb1 Ncd4 25. Nxd4 Nxd4 26. Nc3 Bc6 27. b4 cxb4 28. Qxb4 Qf6 29. f3 fxe4 30. Bxe4 Kh8 31. Nd5 Bxd5 32. cxd5 Rb8 33. Qa3 Rfc8 34. Rb1 Rxb1 35. Rxb1 Qg5 36. Rd1 Ne2+ 37. Kh1 Rc1 38. Rxc1 Qxc1+ 39. Qxc1 Nxc1 40. Bb1 Ne2 41. Bd3 Nc3 42. Bc4 Kg7 43. Kg1 Kf6 44. Kf2 g5 45. Ke3 h5 46. g3 Kf5 47. Bd3+ Kf6 48. Bc4 h4 49. Bb3 Nb5 50. Ke4 Nc3+ 1/2-1/2

[Event "Vienna Chess Open 2019"]
[Site "Vienna"]
[Date "2019.08.18"]
[Round "2.7"]
[White "Bannink, Bernard"]
[Black "Barp, Alberto"]
[Result "0-1"]
[ECO "D04"]
[WhiteElo "2210"]
[BlackElo "2411"]
[Annotator "NA"]
[PlyCount "62"]
[EventDate "2019.08.17"]
[EventType "swiss"]
[EventCountry "AUT"]
[SourceTitle "playchess.com"]
[Source "ChessBase"]
[SourceQuality "1"]
[TimeControl "40/5400+30:1800+30"]

1. d4 d5 2. Nf3 Nf6 3. e3 c5 4. c4 e6 5. Nc3 Nc6 6. a3 a6 7. dxc5 Bxc5 8. b4 Bd6 9. Bb2 O-O 10. cxd5 exd5 11. Be2 Be6 12. Nd4 Ne5 13. f4 Nc4 14. Bxc4 dxc4 15. Nxe6 fxe6 16. O-O b5 17. e4 Bc7 18. Qe2 Bb6+ 19. Kh1 Qd3 20. e5 Qxe2 21. Nxe2 Nd5 22. g3 Ne3 23. Rf3 Rad8 24. Bd4 Rxd4 25. Rxe3 Rdxf4 26. Nxf4 Bxe3 27. Nxe6 Rf5 28. Nc7 Rxe5 29. Nxa6 c3 30. Ra2 Rd5 31. Nc7 Rd2 0-1

[Event "Vienna Chess Open 2019"]
[Site "Vienna"]
[Date "2019.08.18"]
[Round "2.8"]
[White "Hertneck, Gerald"]
[Black "Rubil, Marko"]
[Result "1-0"]
[ECO "D18"]
[WhiteElo "2495"]
[BlackElo "2248"]
[Annotator "ChessBase"]
[PlyCount "165"]
[EventDate "2019.08.17"]
[EventType "swiss"]
[EventCountry "AUT"]
[SourceTitle "playchess.com"]
[Source "ChessBase"]
[SourceQuality "1"]
[TimeControl "40/5400+30:1800+30"]

1. d4 d5 2. Nf3 Nf6 3. c4 c6 4. Nc3 dxc4 5. a4 Bf5 6. Nh4 Bc8 7. Nf3 Bf5 8. e3 e6 9. Bxc4 Bb4 10. O-O Nbd7 11. Nh4 Bg6 12. h3 Bh5 13. g4 Nxg4 14. hxg4 Qxh4 15. gxh5 Bd6 16. Re1 Qh3 17. f4 g5 18. Bf1 Qg3+ 19. Bg2 Nf6 20. Kf1 Qh4 21. Qf3 g4 22. Qf2 g3 23. Qg1 Ng4 24. Ke2 Nh2 25. Kd2 Qxh5 26. Qh1 O-O-O 27. Kc2 Qg6+ 28. Be4 f5 29. Bd3 h5 30. Bd2 h4 31. Re2 Ng4 32. Rg1 Qh5 33. Be1 Kb8 34. Qg2 Be7 35. Rh1 Qf7 36. Bc4 Qf6 37. Kb3 Rh6 38. Qf3 Bf8 39. Ka2 Bb4 40. Bb3 Bf8 41. Ne4 Nh2 42. Nxf6 Nxf3 43. Bxg3 Bg7 44. Bf2 h3 45. Bg3 Bxf6 46. Rf2 Nxd4 47. exd4 Bxd4 48. Rfh2 Bg7 49. Bc2 Rdh8 50. Kb1 Kc7 51. Bd3 Rd8 52. Bc4 Rd4 53. b3 a6 54. a5 Rg6 55. Rxh3 Rd2 56. R3h2 Rxh2 57. Bxh2 Bc3 58. Bg1 Bxa5 59. Bd4 b5 60. Be2 Bd2 61. Rh7+ Kd6 62. Be5+ Kc5 63. Kc2 Be1 64. Rd7 Bf2 65. Bd6+ Kb6 66. Bc7+ Kc5 67. Ba5 b4 68. Rb7 Be1 69. Bxa6 Rg2+ 70. Kd1 Bc3 71. Bc4 Rg1+ 72. Ke2 Rg2+ 73. Kf3 Ra2 74. Bb6+ Kd6 75. Bc7+ Kc5 76. Bxe6 Rb2 77. Bd8 Kd6 78. Bc4 c5 79. Rf7 Bd4 80. Be7+ Kc6 81. Bf6 Rf2+ 82. Kg3 Be3 83. Be5 1-0

[Event "Vienna Chess Open 2019"]
[Site "Vienna"]
[Date "2019.08.18"]
[Round "2.8"]
[White "Pfreundt, Jakob"]
[Black "Namyslo, Holger"]
[Result "1-0"]
[ECO "A06"]
[WhiteElo "2410"]
[BlackElo "2199"]
[Annotator "NA"]
[PlyCount "89"]
[EventDate "2019.08.17"]
[EventType "swiss"]
[EventCountry "AUT"]
[SourceTitle "playchess.com"]
[Source "ChessBase"]
[SourceQuality "1"]
[TimeControl "40/5400+30:1800+30"]

1. Nf3 d5 2. g3 Nf6 3. Bg2 e6 4. d4 Be7 5. c4 O-O 6. Nc3 dxc4 7. Ne5 Qd6 8. Nxc4 Qa6 9. b3 Rd8 10. a4 Bb4 11. Bb2 Nd5 12. Qc2 Nc6 13. Rd1 Na5 14. Ne5 b6 15. O-O Bxc3 16. Bxc3 Bb7 17. b4 Nxc3 18. Qxc3 Bxg2 19. Kxg2 f6 20. Nf3 Nb7 21. Qxc7 Rac8 22. Qe7 Re8 23. Qd7 Rcd8 24. b5 Rxd7 25. bxa6 Na5 26. Rc1 g5 27. g4 Ree7 28. Rc8+ Kg7 29. Rfc1 h5 30. h3 hxg4 31. hxg4 Kg6 32. e3 Rh7 33. Kg3 Nb3 34. R1c6 Kf7 35. Rb8 Na5 36. Rcc8 Ke7 37. e4 Kd6 38. e5+ fxe5 39. Nxe5 Rc7 40. Rd8+ Ke7 41. Re8+ Kf6 42. Rf8+ Ke7 43. Rbe8+ Kd6 44. Rd8+ Ke7 45. Ng6# 1-0

[Event "Vienna Chess Open 2019"]
[Site "Vienna"]
[Date "2019.08.18"]
[Round "2.8"]
[White "Pieper, Thomas"]
[Black "Haldorsen, Benjamin"]
[Result "1/2-1/2"]
[ECO "C11"]
[WhiteElo "2234"]
[BlackElo "2452"]
[Annotator "ChessBase"]
[PlyCount "65"]
[EventDate "2019.08.17"]
[EventType "swiss"]
[EventCountry "AUT"]
[SourceTitle "playchess.com"]
[Source "ChessBase"]
[SourceQuality "1"]
[TimeControl "40/5400+30:1800+30"]

1. e4 e6 2. d4 d5 3. Nc3 Nf6 4. e5 Nfd7 5. f4 c5 6. Nf3 Nc6 7. Be3 Be7 8. Qd2 b6 9. Be2 O-O 10. O-O f5 11. dxc5 Nxc5 12. Nd4 Nxd4 13. Bxd4 Ba6 14. Bxc5 Bxc5+ 15. Kh1 Bxe2 16. Nxe2 b5 17. a4 a6 18. b4 Bb6 19. axb5 axb5 20. Qd3 Qd7 21. Nc3 Rxa1 22. Rxa1 Rc8 23. Nxb5 Rc4 24. Nd6 Rxb4 25. Qa3 Qa7 26. Qc3 h6 27. g3 Ra4 28. Qc8+ Kh7 29. Rxa4 Qxa4 30. Kg2 Qd4 31. Ne8 Qd2+ 32. Kh3 Bg1 33. Nf6+ 1/2-1/2

[Event "Vienna Chess Open 2019"]
[Site "Vienna"]
[Date "2019.08.18"]
[Round "2.9"]
[White "Valsecchi, Alessio"]
[Black "Ly, Dominik"]
[Result "1/2-1/2"]
[ECO "D35"]
[WhiteElo "2494"]
[BlackElo "2245"]
[Annotator "ChessBase"]
[PlyCount "61"]
[EventDate "2019.08.17"]
[EventType "swiss"]
[EventCountry "AUT"]
[SourceTitle "playchess.com"]
[Source "ChessBase"]
[SourceQuality "1"]
[TimeControl "40/5400+30:1800+30"]

1. c4 Nf6 2. Nc3 e6 3. d4 d5 4. cxd5 exd5 5. Bg5 c6 6. e3 Be7 7. Bd3 O-O 8. Qc2 Nbd7 9. Nf3 Re8 10. O-O h6 11. Bf4 Nf8 12. h3 Bd6 13. Ne5 Qe7 14. Rae1 N6d7 15. e4 Ne6 16. Be3 Nxd4 17. Bxd4 Nxe5 18. f4 Bc5 19. Bf2 Bxf2+ 20. Rxf2 Nxd3 21. Qxd3 Bf5 22. Rfe2 Qc5+ 23. Kh1 dxe4 24. Nxe4 Bxe4 25. Rxe4 Rxe4 26. Qxe4 Rd8 27. Qe7 Qd4 28. Qxb7 Qxf4 29. Qxa7 Rd2 30. Qa8+ Kh7 31. Qxc6 1/2-1/2

[Event "Vienna Chess Open 2019"]
[Site "Vienna"]
[Date "2019.08.18"]
[Round "2.9"]
[White "Bakhmatsky, Vladislav"]
[Black "Brustkern, Juergen"]
[Result "1-0"]
[ECO "C76"]
[WhiteElo "2442"]
[BlackElo "2217"]
[Annotator "NA"]
[PlyCount "75"]
[EventDate "2019.08.17"]
[EventType "swiss"]
[EventCountry "AUT"]
[SourceTitle "playchess.com"]
[Source "ChessBase"]
[SourceQuality "1"]
[TimeControl "40/5400+30:1800+30"]

1. e4 e5 2. Nf3 Nc6 3. Bb5 a6 4. Ba4 d6 5. c3 Bd7 6. d4 g6 7. O-O Bg7 8. Re1 b5 9. Bc2 Nf6 10. h3 O-O 11. Be3 Re8 12. Nbd2 Rb8 13. a3 a5 14. d5 Ne7 15. a4 c6 16. dxc6 Bxc6 17. axb5 Rxb5 18. Ra2 Qb8 19. b3 d5 20. c4 dxc4 21. bxc4 Rb2 22. Rxa5 Qb4 23. Ra6 Nd7 24. Ba4 Rc8 25. Bxc6 Nxc6 26. Ra4 Qe7 27. Nb3 Rb8 28. Na5 Nd8 29. Ra1 Rc8 30. Bc1 Rbb8 31. Ba3 Nc5 32. Nb3 Rxb3 33. Bxc5 Qb7 34. Ra7 Qb8 35. Rd7 Ne6 36. Bd6 Qb6 37. Bxe5 Rxc4 38. Nd2 1-0

[Event "Vienna Chess Open 2019"]
[Site "Vienna"]
[Date "2019.08.18"]
[Round "2.9"]
[White "Pitschka, Claus"]
[Black "Gschnitzer, Adrian"]
[Result "0-1"]
[ECO "A45"]
[WhiteElo "2205"]
[BlackElo "2410"]
[Annotator "NA"]
[PlyCount "54"]
[EventDate "2019.08.17"]
[EventType "swiss"]
[EventCountry "AUT"]
[SourceTitle "playchess.com"]
[Source "ChessBase"]
[SourceQuality "1"]
[TimeControl "40/5400+30:1800+30"]

1. d4 Nf6 2. Bf4 c5 3. e3 cxd4 4. exd4 Qb6 5. Na3 a6 6. Nc4 Qd8 7. c3 b5 8. Ne3 e6 9. a4 b4 10. c4 Bb7 11. Be2 Be7 12. Bf3 d5 13. c5 Nc6 14. Ne2 O-O 15. O-O Ne8 16. h3 f5 17. Rc1 Bf6 18. b3 a5 19. Re1 Qd7 20. Nc2 g5 21. Bh2 Bh8 22. Qd2 h6 23. Kh1 Nf6 24. Ng1 g4 25. Be2 Ne4 26. Qe3 e5 27. Bd3 f4 0-1

[Event "Vienna Chess Open 2019"]
[Site "Vienna"]
[Date "2019.08.18"]
[Round "2.10"]
[White "Fernandez Garcia, Jose Luis"]
[Black "Kiese, Matthias"]
[Result "1/2-1/2"]
[ECO "B53"]
[WhiteElo "2407"]
[BlackElo "2407"]
[Annotator "NA"]
[PlyCount "67"]
[EventDate "2019.08.17"]
[EventType "swiss"]
[EventCountry "AUT"]
[SourceTitle "playchess.com"]
[Source "ChessBase"]
[SourceQuality "1"]
[TimeControl "40/5400+30:1800+30"]

1. e4 c5 2. Nf3 d6 3. d4 cxd4 4. Qxd4 Nc6 5. Qe3 Nf6 6. Be2 g6 7. O-O Bg7 8. h3 O-O 9. Rd1 Qc7 10. c4 Nb4 11. Na3 a6 12. Bd2 Nc6 13. Bc3 Nd7 14. Bxg7 Kxg7 15. Nc2 Nce5 16. Nxe5 Nxe5 17. Qc3 f6 18. f4 Nc6 19. Ne3 Be6 20. Bg4 Bxg4 21. hxg4 Qa5 22. Qxa5 Nxa5 23. b4 Nc6 24. Rab1 Rac8 25. Rd5 Nd8 26. e5 fxe5 27. fxe5 Nf7 28. exd6 exd6 29. c5 Rfd8 30. Rbd1 dxc5 31. bxc5 Rxd5 32. Rxd5 Kf6 33. Rd7 Rxc5 34. Rxb7 1/2-1/2

[Event "Vienna Chess Open 2019"]
[Site "Vienna"]
[Date "2019.08.18"]
[Round "2.10"]
[White "Bruchmann, Stephan"]
[Black "Cvitan, Ognjen"]
[Result "0-1"]
[ECO "B52"]
[WhiteElo "2251"]
[BlackElo "2493"]
[Annotator "ChessBase"]
[PlyCount "94"]
[EventDate "2019.08.17"]
[EventType "swiss"]
[EventCountry "AUT"]
[SourceTitle "playchess.com"]
[Source "ChessBase"]
[SourceQuality "1"]
[TimeControl "40/5400+30:1800+30"]

1. e4 c5 2. Nf3 d6 3. Bb5+ Bd7 4. Bxd7+ Qxd7 5. O-O Nf6 6. e5 dxe5 7. Nxe5 Qc8 8. Qf3 e6 9. b3 Be7 10. Bb2 O-O 11. Na3 Nfd7 12. Nac4 Nxe5 13. Nxe5 f6 14. Ng4 Nc6 15. Rfe1 e5 16. Ne3 Rf7 17. Rad1 Qd7 18. d3 Rd8 19. c3 Bf8 20. Nc2 Qd5 21. Qe2 Rfd7 22. Rd2 g6 23. Red1 Bh6 24. Ne3 Qe6 25. Qg4 Qxg4 26. Nxg4 Bg5 27. Ne3 e4 28. d4 cxd4 29. cxd4 Nb4 30. d5 Bxe3 31. fxe3 Rxd5 32. Rxd5 Rxd5 33. Rxd5 Nxd5 34. Bd4 a6 35. a3 Kf7 36. Kf2 h5 37. Ke2 Ke6 38. Kf2 f5 39. Ke2 g5 40. g3 f4 41. gxf4 gxf4 42. exf4 Kf5 43. Be3 Nxe3 44. Kxe3 h4 45. b4 h3 46. a4 b6 47. b5 a5 0-1

[Event "Vienna Chess Open 2019"]
[Site "Vienna"]
[Date "2019.08.18"]
[Round "2.10"]
[White "Muetsch, Annmarie"]
[Black "Fedorovsky, Michael"]
[Result "1/2-1/2"]
[ECO "C45"]
[WhiteElo "2233"]
[BlackElo "2441"]
[Annotator "ChessBase"]
[PlyCount "117"]
[EventDate "2019.08.17"]
[EventType "swiss"]
[EventCountry "AUT"]
[SourceTitle "playchess.com"]
[Source "ChessBase"]
[SourceQuality "1"]
[TimeControl "40/5400+30:1800+30"]

1. e4 e5 2. Nf3 Nc6 3. d4 exd4 4. Nxd4 Nf6 5. Nxc6 bxc6 6. e5 Qe7 7. Qe2 Nd5 8. c4 Nb6 9. Nc3 Ba6 10. Qe4 f6 11. exf6 Qxe4+ 12. Nxe4 gxf6 13. Nxf6+ Kf7 14. Ng4 Re8+ 15. Ne3 Nxc4 16. b3 Bg7 17. Rb1 Nxe3 18. Bxe3 Bxf1 19. Kxf1 Re4 20. Ke2 Rhe8 21. Kf3 a5 22. Rbc1 R8e6 23. g3 d5 24. Rc5 a4 25. Rhc1 axb3 26. axb3 Rb4 27. Rxc6 Rxc6 28. Rxc6 Be5 29. Bf4 Bxf4 30. gxf4 Rxb3+ 31. Kg4 Rb7 32. Kf5 d4 33. Ke4 h5 34. h4 Rb6 35. Rxc7+ Kf6 36. Rc5 Rd6 37. Rxh5 Kg6 38. Rg5+ Kh6 39. Kd3 Rd8 40. f5 Rd7 41. f6 Rf7 42. Rf5 Kh7 43. Kxd4 Kg8 44. Ke5 Ra7 45. f7+ Kf8 46. Kf4 Ra1 47. Kg5 Rg1+ 48. Kh6 Rg2 49. h5 Rg1 50. Kh7 Rg7+ 51. Kh8 Rg2 52. h6 Rg6 53. h7 Rg2 54. Rf3 Rh2 55. Rf6 Rg2 56. f3 Rg3 57. f4 Rg4 58. Rf5 Rh4 59. Ra5 1/2-1/2

[Event "Vienna Chess Open 2019"]
[Site "Vienna"]
[Date "2019.08.18"]
[Round "2.11"]
[White "Stanec, Nikolaus"]
[Black "Sarvadh Sathiaram"]
[Result "1-0"]
[ECO "A20"]
[WhiteElo "2483"]
[BlackElo "2239"]
[Annotator "ChessBase"]
[PlyCount "93"]
[EventDate "2019.08.17"]
[EventType "swiss"]
[EventCountry "AUT"]
[SourceTitle "playchess.com"]
[Source "ChessBase"]
[SourceQuality "1"]
[TimeControl "40/5400+30:1800+30"]

1. c4 e5 2. d3 Nc6 3. Nc3 f5 4. g3 g6 5. Bg2 Nf6 6. Bg5 Bg7 7. Nf3 d6 8. Nd5 h6 9. Bxf6 Bxf6 10. O-O Be6 11. Rb1 O-O 12. b4 g5 13. Nd2 Rb8 14. b5 Ne7 15. Nxf6+ Rxf6 16. e3 d5 17. Qc2 Rf8 18. cxd5 Bxd5 19. e4 Be6 20. Rbc1 c6 21. Qc5 Qc7 22. exf5 Nxf5 23. bxc6 b6 24. Qa3 Nd4 25. Rfe1 Rbd8 26. Qb2 Bg4 27. Nb3 Bf3 28. Nxd4 Rxd4 29. Qb3+ Kg7 30. Bxf3 Rxf3 31. Qe6 Rfxd3 32. Rxe5 Rd1+ 33. Re1 Rxc1 34. Rxc1 Rd8 35. Qe4 Rf8 36. h4 Rf6 37. hxg5 hxg5 38. Qd5 Kg6 39. Rc4 Rd6 40. Qg8+ Kf6 41. Qf8+ Kg6 42. Qe8+ Kf6 43. Rc3 g4 44. Rc4 Kg5 45. Qe5+ Kh6 46. Qf4+ Kh7 47. Qxg4 1-0

[Event "Vienna Chess Open 2019"]
[Site "Vienna"]
[Date "2019.08.18"]
[Round "2.11"]
[White "Markoja, Boris"]
[Black "Breneis, Lukas"]
[Result "1-0"]
[ECO "A57"]
[WhiteElo "2440"]
[BlackElo "2215"]
[Annotator "NA"]
[PlyCount "95"]
[EventDate "2019.08.17"]
[EventType "swiss"]
[EventCountry "AUT"]
[SourceTitle "playchess.com"]
[Source "ChessBase"]
[SourceQuality "1"]
[TimeControl "40/5400+30:1800+30"]

1. d4 Nf6 2. c4 c5 3. d5 b5 4. cxb5 a6 5. e3 e6 6. Nc3 exd5 7. Nxd5 Bb7 8. Nxf6+ Qxf6 9. Nf3 Be7 10. bxa6 Nxa6 11. Bd2 Qxb2 12. Rb1 Bxf3 13. Rxb2 Bxd1 14. Kxd1 Nb4 15. Bxb4 cxb4 16. Bc4 Bc5 17. Ke2 Ke7 18. Rd2 d6 19. Rd5 g6 20. e4 Ra3 21. Bb3 Rha8 22. Rhd1 f6 23. R1d2 R3a6 24. f4 Re8 25. Kf3 Kf8 26. g4 Kg7 27. h4 h6 28. Rg2 Ra7 29. g5 hxg5 30. hxg5 Rc7 31. gxf6+ Kxf6 32. Rdg5 Rg7 33. f5 Rf8 34. Rxg6+ Rxg6 35. Rxg6+ Ke7 36. Re6+ Kd7 37. Ba4+ Kc7 38. f6 Bd4 39. Re7+ Kb6 40. f7 Bf6 41. Rd7 Kc5 42. Kf4 Be5+ 43. Kf5 Kd4 44. Re7 d5 45. Bb3 Bd6 46. Rd7 dxe4 47. Rxd6+ Kc5 48. Rd5+ {[%emt 0:00:00] Kxd5 Kxe4+} 1-0

[Event "Vienna Chess Open 2019"]
[Site "Vienna"]
[Date "2019.08.18"]
[Round "2.11"]
[White "Gombocz, Ferenc Jr."]
[Black "Valmana Canto, Jaime"]
[Result "0-1"]
[ECO "A20"]
[WhiteElo "2203"]
[BlackElo "2406"]
[Annotator "NA"]
[PlyCount "70"]
[EventDate "2019.08.17"]
[EventType "swiss"]
[EventCountry "AUT"]
[SourceTitle "playchess.com"]
[Source "ChessBase"]
[SourceQuality "1"]
[TimeControl "40/5400+30:1800+30"]

1. c4 e5 2. g3 Nf6 3. Bg2 d5 4. cxd5 Nxd5 5. Nc3 Nxc3 6. bxc3 Nc6 7. d3 Bc5 8. Nf3 O-O 9. O-O Rb8 10. Bb2 Bb6 11. d4 Qe7 12. Qc2 Rd8 13. Rfd1 Bg4 14. d5 Na5 15. Qa4 Bxf3 16. Bxf3 Qc5 17. e3 Nc4 18. Bc1 Ba5 19. Rb1 a6 20. d6 b5 21. dxc7 Qxc7 22. Rxd8+ Rxd8 23. Qc2 Nb6 24. Bb2 Na4 25. Rc1 g6 26. Ba1 Nb6 27. Rd1 Rc8 28. Bg4 f5 29. Bxf5 gxf5 30. Qxf5 Rf8 31. Qg4+ Qg7 32. Qe6+ Qf7 33. Qg4+ Kh8 34. f4 Nc4 35. Qe2 Bb6 0-1